 Dungeon Crawl Stone Soup version 0.29-a0-25-g7f48f510a0 (webtiles) character file.

Game seed: 16946450202910009746

71 timneilson the Covered (level 4, -5/29 HPs)
             Began as a Gargoyle Fighter on Feb 1, 2022.
             Slain by an ogre (24 damage)
             ... on level 4 of the Dungeon.
             The game lasted 00:02:44 (2822 turns).

timneilson the Covered (Gargoyle Fighter)           Turns: 2822, Time: 00:02:45

Health: -5/29      AC: 10    Str: 21    XL:     4   Next: 24%
Magic:  4/4        EV: 13    Int:  9    God:
Gold:   173        SH:  4    Dex:  9    Spells: 3/3 levels left

rFire   . . .      SeeInvis .   a - +0 long sword
rCold   . . .      Faith    .   c - +0 buckler
rNeg    + . .      Spirit   .   b - +0 scale mail
rPois   ∞          Reflect  .   (no helmet)
rElec   +          Harm     .   (no cloak)
rCorr   .          Rampage  .   (no gloves)
Will    .....                   (no boots)
Stlth   ..........              (no amulet)
HPRegen 0.09/turn               h - +4 ring of evasion
MPRegen 0.09/turn               (no ring)

@: no status effects
A: sickness immunity, AC +3, negative energy resistance 1, electricity
resistance, torment resistance 1, petrification resistance
a: no special abilities


You were on level 4 of the Dungeon.
You visited 1 branch of the dungeon, and saw 4 of its levels.

You collected 173 gold pieces.

Inventory:

Hand Weapons
 a - a +0 long sword (weapon)
Armour
 b - a +0 scale mail (worn)
 c - a +0 buckler (worn)
Jewellery
 h - a +4 ring of evasion (left hand)
Potions
 d - 2 potions of might
 e - a potion of cancellation {unknown}
 f - a potion of lignification
 g - a potion of resistance {unknown}
 i - a potion of mutation {unknown}


   Skills:
 + Level 3.6 Fighting
 * Level 2.5 Long Blades
 * Level 4.0 Armour
 + Level 0.5 Dodging
 * Level 3.9 Shields


You had 3 spell levels left.
You didn't know any spells.
Your spell library contained the following spells:

 Spells                   Type           Power      Damage    Failure   Level
 Summon Ice Beast         Ice/Summ       0%         N/A       100%        4
 Summon Mana Viper        Hex/Summ       0%         N/A       100%        5
 Monstrous Menagerie      Summ           0%         N/A       100%        7


Dungeon Overview and Level Annotations

Branches:
Dungeon (4/15)
 Temple: D:4-7

Altars:
Nemelex Xobeh
Uskayaw

Shops:
D:1 [

Annotations:
D:3 1 runed translucent door, Crazy Yiuf


Innate Abilities, Weirdness & Mutations

You are immune to sickness and miasma.
Your stone body is resilient. (AC +3)
You are immune to poison.
You resist negative energy. (rN+)
You are resistant to electric shocks. (rElec)
You are resistant to unholy torment.
You are immune to petrification.


Message History

No target in view!
No target in view!
No target in view!
No target in view!
No target in view!
No target in view!
A giant cockroach comes into view.
A giant cockroach is nearby!
You hit the giant cockroach.
You kill the giant cockroach!
No target in view!
No target in view!
No target in view!
No target in view!
No target in view!
No target in view!
No target in view!
No target in view!
No target in view!
No target in view!
No target in view!
A goblin comes into view. It is wielding a +0 short sword.
The goblin shouts!
The goblin unwields a +0 short sword.
The goblin wields a +0 hunting sling.
The goblin shoots a stone.
The stone hits you.
Found a runed scarf.
The goblin shoots a stone.
The stone hits you.
An ogre comes into view. It is wielding a +0 giant club.
You barely miss the goblin.
The goblin unwields a +0 hunting sling.
The goblin wields a +0 short sword.
You block the goblin's attack.
You slash the goblin!
You kill the goblin!
You closely miss the ogre. The ogre closely misses you.
You hit the ogre.
The ogre is lightly wounded.
The ogre hits you with a +0 giant club!
You slash the ogre!
The ogre is heavily wounded.
The ogre hits you with a +0 giant club!!
Ouch! That really hurt!
You die...

..####...####...#
#)
......#........#
#.
####..###..####..
#.
.......#.........
#.
.####...####..##
#.
#....##.##....##
#. #.....## #.
###.##.# #.
#...@# #. ####O#
#. #.. #. ...# ##
.... .#.#.#
.[.... #.#.#.##


You could see an ogre.

Vanquished Creatures
  2 adders (D:3)
  A white imp (D:3)
  2 dart slugs
  6 endoplasms
  4 giant cockroaches
  A goblin (D:4)
  4 hobgoblins
  3 jackals
  4 quokkas
  2 ball pythons (D:1)
  3 bats
  A frilled lizard (D:3)
  2 kobolds
  3 rats
38 creatures vanquished.

Notes
Turn   | Place    | Note
-------+----------+-------------------------------------------
     0 | D:1      | timneilson the Gargoyle Fighter began the quest for the
                  | Orb.
     0 | D:1      | Reached XP level 1. HP: 14/14 MP: 1/1
    53 | D:1      | Found Kimuih's Antique Armour Emporium.
   295 | D:1      | Found a sparkling altar of Nemelex Xobeh.
   297 | D:1      | Reached XP level 2. HP: 17/19 MP: 2/2
   754 | D:2      | Found a faded altar of an unknown god.
  1059 | D:2      | Found a hide-covered altar of Uskayaw.
  1592 | D:2      | You fall into a shaft and drop 2 floors!
  1615 | D:3      | Reached XP level 3. HP: 23/23 MP: 3/3
  1832 | D:3      | HP: 1/23 [white imp/puff of frost (9)]
  1837 | D:3      | Reached XP level 4. HP: 2/28 MP: 4/4
  2417 | D:3      | Found a runed translucent door.
  2418 | D:3      | Noticed Crazy Yiuf
  2782 | D:4      | Reached skill level 4 in Armour
  2816 | D:4      | Noticed an ogre
  2822 | D:4      | Slain by an ogre

Illustrated notes

Levels and vault maps discovered:
D:1:      dpeg_arrival_long_road, layout_basic, serial_shops,
          nicolae_shop_crystal, minmay_hexomino_r4
D:2:      layout_basic, basic_altar, dilly_ecumenical_altar_fadedgnrine
D:3:      layout_rooms, uniq_crazy_yiuf_cottage
D:4:      wad_crossroads, layout_loops_ring

Skill      XL: |  1  2  3  4 |
---------------+-------------+-----
Long Blades    | 2 |  2.5
Armour         | 4 |  4.0
Fighting       | |  3.6
Dodging        | |  0.5
Shields        | |  3.9

Action                   |  1- 3 |  4- 6 || total
-------------------------+-------+-------++-------
Melee: Long sword        |    84 |    36 ||   120
  Use: Scroll            |     3 |     3 ||     6
Armor: Scale mail        |    42 |    14 ||    56
Dodge: Dodged            |    73 |    12 ||    85
Block: Buckler           |    18 |     5 ||    23

Table legend: (Time is in decaauts)
 A = Elapsed time spent in this place.
 B = Non-inter-level travel time spent in this place.
 C = Inter-level travel time spent in this place.
 D = Time resting spent in this place.
 E = Time spent auto-exploring this place.
 F = Levels seen in this place.
 G = Mean time per level.
                   A        B        C        D        E       F      G
               +--------+--------+--------+--------+--------+-----+--------+
         Total |   2862 |   2784 |     78 |    289 |   2125 |   4 |  715.5 |
       Dungeon |   2862 |   2784 |     78 |    289 |   2125 |   4 |  715.5 |
               +--------+--------+--------+--------+--------+-----+--------+

Top non-repeatable levels by time:
     D:2: 1508 daAuts
     D:3: 588 daAuts
     D:1: 528 daAuts
     D:4: 236 daAuts
